AoeStats
← ITA | Raffy

African Clearing

504775776Analyzed
4v4 RM · 26d ago on Sep 6, 2026· 55m 21s· 8 players
Game mode
Random Map
Map size
Large (8 player)
Population
200
Speed
Normal
Resources
Standard
Victory
Conquest
Starting age
Dark Age
Ending age
Imperial Age
RankedLock teamsTeams togetherTeam positionsShared explorationLock speedFull tech treeHidden civsTurbo modeCheats
Victory
Defeat
🇵🇱 Ethiopians · Poland
1369
+14
🇵🇱 Georgians · Poland
1341
+15
🇪🇸 Spanish · Spain
1313
+16
🇮🇹 Wei · Italy
1280
+17
🇲🇽 Chinese · Mexico
1371
-18
🇺🇸 Sicilians · United States
1367
-17
🇮🇳 Gurjaras · India
1269
-14
🇷🇺 Maya · Russia
1259
-13
Dariusz II
5:48 Loom
15:34 Feudal Age
17:21 Town Watch
17:29 Double-Bit Axe
19:50 Castle Age
29:16 Scale Mail Armor
29:28 Fletching
33:31 Scale Mail Armor
33:41 Forging
33:49 Bodkin Arrow
36:27 Horse Collar
37:51 Bow Saw
43:44 Imperial Age
41:45 Ballistics
43:47 Crossbowman
44:54 Padded Archer Armor
46:48 Leather Archer Armor
48:03 Iron Casting
47:31 Bracer
46:54 Arbalester
48:29 Wheelbarrow
49:00 Ring Archer Armor
50:30 Chemistry
49:45 Thumb Ring
49:52 Bracer
51:55 Coinage
51:44 Hand Cart
51:31 Town Patrol
53:01 Conscription
55:15 Two-Man Saw
54:17 Heavy Plow
_Suko_
2:56 Loom
13:27 Feudal Age
14:32 Town Watch
19:40 Fletching
19:50 Padded Archer Armor
25:41 Castle Age
24:15 Double-Bit Axe
27:08 Bodkin Arrow
29:01 Elite Skirmisher
32:53 Leather Archer Armor
32:44 Scale Barding Armor
32:22 Horse Collar
41:45 Wheelbarrow
42:40 Heavy Plow
44:29 Hand Cart
44:30 Bow Saw
48:38 Imperial Age
47:17 Bloodlines
49:43 Gold Mining
51:23 Bracer
52:28 Chemistry
51:49 Ballistics
51:33 Husbandry
53:07 Two-Man Saw
52:20 Elite Conquistador
53:39 Ring Archer Armor
53:30 Chain Barding Armor
55:19 Light Cavalry
u
11:50 Feudal Age
11:03 Loom
13:15 Town Watch
16:03 Castle Age
14:25 Double-Bit Axe
21:32 Horse Collar
23:20 Scale Barding Armor
26:38 Chain Barding Armor
31:54 Ballistics
34:14 Bloodlines
35:02 Forging
35:21 Husbandry
35:35 Bow Saw
35:49 Heavy Plow
35:57 Stone Mining
36:01 Gold Mining
38:14 Wheelbarrow
41:31 Imperial Age
39:50 Hand Cart
39:44 Guard Tower
39:45 Fletching
41:14 Iron Casting
40:35 Bodkin Arrow
41:37 Stone Shaft Mining
41:21 Svan Towers
40:58 Treadmill Crane
41:28 Masonry
41:53 Elite Monaspa
43:46 Conscription
44:03 Keep
45:24 Chemistry
47:01 Plate Barding Armor
47:27 Blast Furnace
47:02 Bracer
47:35 Capped Ram
49:01 Arrowslits
51:08 Siege Engineers
52:31 Architecture
51:56 Murder Holes
52:39 Coinage
53:59 Aznauri Cavalry
54:08 Siege Ram
ITA | Raffy
3:29 Loom
12:42 Feudal Age
13:46 Double-Bit Axe
13:44 Horse Collar
14:38 Town Watch
16:20 Fletching
21:08 Wheelbarrow
25:59 Castle Age
25:46 Padded Archer Armor
27:20 Bow Saw
29:41 Husbandry
29:47 Stone Mining
31:25 Bodkin Arrow
36:32 Heavy Plow
42:49 Imperial Age
41:27 Scale Barding Armor
41:33 Forging
44:35 Chain Barding Armor
45:11 Conscription
49:56 Bloodlines
49:52 Tuntian
50:18 Ming Guang Armor
49:56 Gold Mining
52:48 Hand Cart
52:32 Elite Tiger Cavalry
entagir
12:09 Feudal Age
13:04 Loom
16:48 Castle Age
16:23 Double-Bit Axe
17:06 Stone Mining
19:39 Fletching
22:36 Bodkin Arrow
29:02 Padded Archer Armor
31:21 Herbal Medicine
33:02 Ballistics
maniaaaaaac
3:42 Loom
13:56 Feudal Age
21:08 Castle Age
19:06 Double-Bit Axe
21:58 Fletching
30:44 Horse Collar
38:30 Bow Saw
41:38 Scale Barding Armor
41:48 Bloodlines
42:44 Wheelbarrow
42:25 Bodkin Arrow
44:08 Chain Barding Armor
43:33 Light Cavalry
49:36 Imperial Age
47:17 Padded Archer Armor
49:26 Leather Archer Armor
49:30 Husbandry
49:46 Forging
49:58 Elite Elephant Archer
51:20 Plate Barding Armor
51:24 Conscription
52:36 Ballistics
54:31 Chemistry
54:22 Hand Cart
DSLG | Rommel
3:12 Loom
14:36 Feudal Age
14:59 Man-at-Arms
16:42 Double-Bit Axe
20:24 Fletching
20:59 Padded Archer Armor
26:37 Town Watch
31:20 Stone Mining
31:21 Gold Mining
36:39 Castle Age
37:33 Bodkin Arrow
37:08 Crossbowman
40:33 Ballistics
44:09 Wheelbarrow
45:10 Squires
44:56 Arson
47:51 Scale Mail Armor
52:25 Forging
52:28 Horse Collar
53:06 Bow Saw
53:24 Chain Mail Armor
53:54 Iron Casting
53:17 Pikeman
Ryuma
10:24 Loom
13:01 Feudal Age
13:57 Double-Bit Axe
14:05 Stone Mining
16:54 Stone Mining
19:29 Castle Age
17:41 Gold Mining
20:14 Scale Mail Armor
20:41 Bow Saw
24:30 Wheelbarrow
27:47 Horse Collar
28:42 Heavy Plow
29:27 Hand Cart
30:47 Chain Mail Armor
31:00 Forging
32:07 Stone Shaft Mining
32:05 First Crusade
31:47 Squires
31:32 Arson
32:29 Pikeman
33:53 Gold Shaft Mining
37:13 Fletching
38:00 Iron Casting
40:22 Imperial Age
37:37 Town Watch
40:22 Imperial Age
37:37 Town Watch
38:19 Scale Barding Armor
38:23 Bodkin Arrow
38:51 Bloodlines
38:41 Husbandry
38:06 Light Cavalry
40:49 Chain Barding Armor
41:35 Cavalier
42:53 Plate Barding Armor
43:18 Blast Furnace
41:56 Halberdier
43:31 Cavalier
45:03 Conscription
44:50 Sappers
46:28 Crop Rotation
46:58 Hoardings
47:47 Chemistry
47:09 Ballistics
47:00 Masonry
48:21 Hauberk
Connection lost

Rejoining the realm…

Still unreachable

The connection could not be restored.

Session expired

The server has moved on; the page needs a fresh start.